 Dungeon Crawl Stone Soup version 0.23-a0-650-ga4d50d4d25 (webtiles) character file.

33621 Notair the Severer (level 13, -19/119 HPs)
             Began as a Minotaur Gladiator on Jan 6, 2019.
             Was the Champion of Okawaru.
             Demolished by Rupert
             ... wielding a +1 great mace of protection
              (30 damage)
             ... on level 14 of the Dungeon.
             The game lasted 00:44:32 (18000 turns).

Notair the Severer (Minotaur Gladiator)            Turns: 18000, Time: 00:44:32

Health: -19/119    AC: 24    Str: 19    XL:     13   Next: 37%
Magic:  16/18      EV: 11    Int:  9    God:    Okawaru [******]
Gold:   1136       SH:  0    Dex: 16    Spells: 9/12 levels left

rFire    . . .     SeeInvis .   V - +4 battleaxe (elec)
rCold    + . .     Gourm    .   (shield currently unavailable)
rNeg     . . .     Faith    +   y - +0 plate armour
rPois    .         Spirit   .   c - +0 hat
rElec    .         Reflect  .   M - +0 cloak {MR+}
rCorr    .         Harm     .   B - +0 pair of gloves
MR       +....                  Z - +1 pair of boots {Fly}
Stlth    ..........             P - amulet of faith
HPRegen  0.29/turn              Y - +3 ring of dexterity
MPRegen  0.16/turn              w - ring of protection from cold

@: heroism, flying
A: retaliatory headbutt, horns 2
a: Heroism, Finesse, Renounce Religion, Stop Flying


You were on level 14 of the Dungeon.
You worshipped Okawaru.
Okawaru was exalted by your worship.
You were hungry.

You visited 2 branches of the dungeon, and saw 15 of its levels.

You collected 1136 gold pieces.

Inventory:

Hand Weapons
 h - a +1 dire flail of holy wrath
 V - a +4 battleaxe of electrocution (weapon)
 W - a +7 broad axe
Missiles
 j - 160 bolts
Armour
 c - a +0 hat (worn)
 m - cursed -1 ice dragon scales
 y - a +0 plate armour (worn)
 B - a +0 pair of gloves (worn)
 M - a +0 cloak of magic resistance (worn)
 X - a +1 shield of resistance
 Z - a +1 pair of boots of flying (worn)
Jewellery
 b - an uncursed ring of see invisible
 s - an uncursed ring of flight {unknown}
 w - a ring of protection from cold (right hand)
 x - an uncursed ring of resist corrosion
 P - an amulet of faith (around neck)
 T - an uncursed ring of fire
 Y - a +3 ring of dexterity (left hand)
Wands
 D - a wand of polymorph (29)
 H - a wand of clouds (3)
 K - a wand of flame (45)
 L - a wand of digging (7)
 Q - a wand of scattershot (4)
 R - a wand of random effects (38)
 S - a wand of paralysis (8)
Scrolls
 k - 2 scrolls of enchant weapon
 p - a scroll of magic mapping
 q - a scroll of fear
 r - 6 scrolls of teleportation
 v - 2 scrolls of fog
 z - a scroll of blinking
 N - 3 scrolls of remove curse
 U - a scroll of holy word {unknown}
Potions
 a - a potion of ambrosia {unknown}
 e - 6 potions of curing
 g - 4 potions of flight
 i - a potion of haste
 n - 2 potions of lignification
 o - 3 potions of mutation
 u - 2 potions of berserk rage
 A - a potion of cancellation {unknown}
 E - 2 potions of agility {unknown}
 F - 5 potions of heal wounds
 G - a potion of brilliance {unknown}
 O - a potion of magic {unknown}
Miscellaneous
 C - a phantom mirror
Comestibles
 f - 31 rations


   Skills:
 + Level 12.7(17.7) Fighting
 * Level 17.2(22.2) Axes
 - Level 2.0(7.0) Throwing
 + Level 12.5(17.5) Armour
 - Level 3.2(8.2) Dodging
 - Level 4.0(9.0) Shields
 - Level 8.0 Invocations


You had 9 spell levels left.
You knew the following spells:

 Your Spells              Type           Power        Failure   Level  Hunger
a - Regeneration          Chrm/Necr      #.........   100%        3    ####...

Your spell library contained the following spells:

 Spells                   Type           Power        Failure   Level  Hunger
 Animate Skeleton         Necr           N/A          99%         1    ##.....
 Apportation              Tloc           #.....       99%         1    ##.....
 Beastly Appendage        Tmut           #.....       99%         1    ##.....
 Flame Tongue             Conj/Fire      #....        99%         1    ##.....
 Pain                     Necr           #...         99%         1    ##.....
 Sting                    Conj/Pois      #...         99%         1    ##.....
 Summon Butterflies       Summ           #.......     99%         1    ##.....
 Summon Small Mammal      Summ           #...         99%         1    ##.....
 Call Imp                 Summ           #.......     99%         2    ###....
 Poisonous Vapours        Pois/Air       #.....       99%         2    ###....
 Sticks to Snakes         Tmut           #.......     99%         2    ###....
 Throw Flame              Conj/Fire      #.....       99%         2    ###....
 Call Canine Familiar     Summ           #.......     100%        3    ####...
 Conjure Flame            Conj/Fire      #.......     100%        3    ####...
 Inner Flame              Hex/Fire       #.......     100%        3    ####...
 Lesser Beckoning         Tloc           #.........   100%        3    ####...
 Mephitic Cloud           Conj/Pois/Air  #.......     100%        3    ####...
 Spider Form              Tmut/Pois      #.........   100%        3    ####...
 Summon Guardian Golem    Hex/Summ       #.......     100%        3    ####...
 Tukima's Dance           Hex            #.......     100%        3    ####...
 Vampiric Draining        Necr           #.........   100%        3    ####...
 Animate Dead             Necr           N/A          100%        4    #####..
 Ice Form                 Ice/Tmut       #.......     100%        4    #####..
 Olgreb's Toxic Radiance  Pois           #.......     100%        4    #####..
 Sticky Flame             Conj/Fire      #.......     100%        4    #####..
 Summon Ice Beast         Ice/Summ       #.......     100%        4    #####..
 Summon Lightning Spire   Summ/Air       #.......     100%        4    #####..
 Alistair's Intoxication  Tmut/Pois      #.......     100%        5    ######.
 Blade Hands              Tmut           #.........   100%        5    ######.
 Fireball                 Conj/Fire      #.........   100%        5    ######.
 Venom Bolt               Conj/Pois      #.........   100%        5    ######.
 Invisibility             Hex            #.......     100%        6    #######


Dungeon Overview and Level Annotations

Branches:
Dungeon (14/15)            Temple (1/1) D:5            Lair (0/6) D:10
    Orc (0/2) D:9          Vaults (0/5) D:13

Altars:
Ashenzari
Dithmenos
Elyvilon
Fedhas
Gozag
Kikubaaqudgha
Makhleb
Nemelex Xobeh
Okawaru
Qazlal
Ru
Trog
Uskayaw
Vehumet
Xom
Yredelemnul
Zin
The Shining One

Shops:
D:10 %

Annotations:
D:6 2 runed doors, Flugkiller's ghost, novice OpEn
D:11 3 runed doors, Yakui's ghost, journeyman MiBe
D:14 Rupert


Innate Abilities, Weirdness & Mutations

You reflexively headbutt those who attack you in melee.
You have a pair of horns on your head.


Message History

Rupert is severely wounded.
Rupert hits you with a +1 great mace of protection!!!
* * * LOW HITPOINT WARNING * * *
You hit Rupert. You headbutt Rupert!
Rupert is almost dead.
Rupert hits you with a +1 great mace of protection!!
* * * LOW HITPOINT WARNING * * *
Evoke which item? (* to show all) (? for menu, Esc to quit)
Aiming: Paralyse
Press: ? - help, Shift-Dir - straight line, f/p - Rupert
Aim: Rupert, wielding a +1 great mace of protection and wearing a +2 leather
Okay, then.
Evoke which item? (* to show all) (? for menu, Esc to quit)
Aiming: Scattershot
Press: ? - help, Shift-Dir - straight line, f/p - Rupert
Aim: Rupert, wielding a +1 great mace of protection and wearing a +2 leather The burst of metal fragments hits Rupert. x4
Rupert is severely wounded.
Rupert hits you with a +1 great mace of protection!!
You die...

######### ..†......
.######.. .#....#
########## #...###
#........# ..#...###
#..<.(...# #####...###
#..@@....#
###...#...####.......##
#...#####...##.......#
..### #.#....#######
### #.###.#....... #
#.# #.#....### #.#
#.#....# #.# #.######
#.# #.#


You could see Rupert (berserk).

Vanquished Creatures
  Agnes (D:14)
  A hydra (D:11)
  A tengu warrior (D:13)
  2 centaur warriors (D:13)
  5 two-headed ogres
  Urug (D:12)
  7 skeletal warriors
  An unseen horror (D:13)
  A necromancer (D:13)
  3 ugly things
  A manticore (D:11)
  2 cyclopes (D:13)
  2 centaur zombies
  Joseph (D:7)
  2 gargoyles
  3 kobold demonologists
  2 trolls
  3 hornets
  4 hippogriffs
  A meliai zombie (D:12)
  11 yaks
  Sigmund (D:3)
  3 shadows
  A vampire (D:13)
  A wyvern (D:14)
  A steam dragon (D:11)
  9 vampire mosquitoes (D:13)
  4 hungry ghosts
  A soldier ant (D:10)
  Edmund (D:6)
  An acid dragon (D:12)
  2 water moccasins
  3 porcupines (D:10)
  4 ice beasts
  9 orc warriors
  5 black bears
  A necrophage (D:7)
  4 sky beasts
  12 ogres
  A phantom (D:14)
  An eye of draining (D:12)
  3 crocodiles
  9 centaurs
  Blork the orc (D:6)
  3 big kobolds (D:6)
  14 bullfrogs
  A wyvern zombie (D:12)
  3 scorpions
  13 wights
  9 killer bees (D:8)
  6 howler monkeys
  8 crimson imps
  2 bullfrog zombies
  8 hounds
  A jelly (D:13)
  10 orc priests
  6 centaur skeletons
  3 bullfrog skeletons
  5 iguanas
  15 orc wizards
  15 worker ants
  2 worker ant zombies
  5 gnolls
  14 adders
  4 shadow imps
  2 oozes
  An adder skeleton (D:9)
  6 worms
  5 leopard geckos
  43 orcs
  3 ball pythons
  8 bats
  A giant cockroach (D:2)
  12 goblins
  15 hobgoblins
  2 jackals (D:2)
  23 kobolds
  8 quokkas
  2 frilled lizards
  A jackal zombie (D:6)
  A leopard gecko zombie (D:7)
  12 rats
425 creatures vanquished.

Vanquished Creatures (others)
  6 fungi (D:10)
6 creatures vanquished.

Grand Total: 431 creatures vanquished

Notes
Turn   | Place    | Note
-------+----------+-------------------------------------------
     0 | D:1      | Notair the Minotaur Gladiator began the quest for the Orb.
     0 | D:1      | Reached XP level 1. HP: 18/18 MP: 0/0
   127 | D:1      | Reached skill level 4 in Axes
   127 | D:1      | Reached XP level 2. HP: 12/25 MP: 1/1
   362 | D:1      | Reached skill level 1 in Armour
   505 | D:1      | Reached XP level 3. HP: 27/31 MP: 2/2
   931 | D:2      | Reached skill level 5 in Axes
  1145 | D:2      | Reached XP level 4. HP: 32/38 MP: 3/3
  1369 | D:2      | Found an ancient bone altar of Kikubaaqudgha.
  1947 | D:3      | Reached XP level 5. HP: 45/45 MP: 4/4
  2043 | D:3      | Reached skill level 1 in Shields
  2103 | D:3      | Noticed Sigmund
  2240 | D:3      | Killed Sigmund
  2240 | D:3      | Reached skill level 6 in Axes
  2240 | D:3      | Reached XP level 6. HP: 50/52 MP: 3/5
  2691 | D:4      | Found a hide-covered altar of Uskayaw.
  2883 | D:4      | Reached skill level 7 in Axes
  2883 | D:4      | Reached XP level 7. HP: 47/60 MP: 4/6
  3133 | D:4      | Found a sparkling altar of Nemelex Xobeh.
  3209 | D:5      | Entered Level 5 of the Dungeon
  3264 | D:5      | Reached skill level 5 in Fighting
  3277 | D:5      | Found a staircase to the Ecumenical Temple.
  3338 | Temple   | Entered the Ecumenical Temple
  3435 | Temple   | Became a worshipper of Warmaster Okawaru
  3476 | D:5      | Found a stormy altar of Qazlal.
  3571 | D:5      | Reached skill level 8 in Axes
  4033 | D:6      | Noticed Edmund
  4040 | D:6      | Reached XP level 8. HP: 64/69 MP: 7/7
  4055 | D:6      | Killed Edmund
  4055 | D:6      | Reached skill level 5 in Armour
  4139 | D:6      | Reached * piety under Okawaru
  4382 | D:6      | Found a runed door.
  4386 | D:6      | Noticed Flugkiller's ghost (novice OpEn)
  4403 | D:6      | Reached skill level 9 in Axes
  5213 | D:6      | Reached skill level 10 in Axes
  5244 | D:6      | Reached ** piety under Okawaru
  5244 | D:6      | Reached XP level 9. HP: 37/79 MP: 5/8
  5512 | D:6      | Found a runed door.
  6005 | D:6      | Noticed Blork the orc
  6017 | D:6      | Killed Blork the orc
  6489 | D:7      | Noticed Joseph
  6506 | D:7      | Killed Joseph
  6506 | D:7      | Reached skill level 11 in Axes
  6519 | D:7      | Reached *** piety under Okawaru
  7015 | D:7      | Reached skill level 12 in Axes
  7033 | D:7      | Reached XP level 10. HP: 48/86 MP: 4/9
  7581 | D:8      | Reached **** piety under Okawaru
  7581 | D:8      | Reached skill level 1 in Invocations
  7843 | D:8      | Found a glowing golden altar of the Shining One.
  8549 | D:9      | Reached skill level 13 in Axes
  8592 | D:9      | Found a burning altar of Makhleb.
  8632 | D:9      | Learned a level 3 spell: Regeneration
  8964 | D:9      | Found a staircase to the Orcish Mines.
  9488 | D:10     | Entered Level 10 of the Dungeon
  9490 | D:10     | Noticed a gargoyle
  9520 | D:10     | Killed a gargoyle
  9520 | D:10     | Reached ***** piety under Okawaru
 10068 | D:10     | Received a gift from Okawaru
 10074 | D:10     | Reached skill level 10 in Fighting
 10074 | D:10     | Reached XP level 11. HP: 87/95 MP: 10/12
 10325 | D:10     | Found a staircase to the Lair.
 10434 | D:10     | Noticed a two-headed ogre
 10443 | D:10     | Killed a two-headed ogre
 10443 | D:10     | Reached skill level 14 in Axes
 10600 | D:10     | Reached skill level 10 in Armour
 10606 | D:10     | Found Fiw Fimi's Food Emporium.
 11235 | D:11     | Received a gift from Okawaru
 11378 | D:11     | Found a runed gate.
 11378 | D:11     | Found a runed gate.
 11378 | D:11     | Found a runed gate.
 11398 | D:11     | Noticed Yakui's ghost (journeyman MiBe)
 11576 | D:12     | Noticed a skeletal warrior
 11576 | D:12     | Noticed a skeletal warrior
 11576 | D:12     | Noticed a skeletal warrior
 11587 | D:12     | Killed a skeletal warrior
 11882 | D:11     | Reached skill level 5 in Invocations
 11885 | D:11     | Killed a skeletal warrior
 11885 | D:11     | Killed a skeletal warrior
 12285 | D:12     | Noticed a six-headed hydra
 12295 | D:12     | Reached skill level 15 in Axes
 12646 | D:11     | Killed a six-headed hydra
 12680 | D:12     | Reached XP level 12. HP: 77/106 MP: 15/15
 12830 | D:12     | Noticed a two-headed ogre
 12840 | D:12     | Killed a two-headed ogre
 13181 | D:12     | Reached ****** piety under Okawaru
 13512 | D:12     | Noticed a two-headed ogre
 13529 | D:12     | Killed a two-headed ogre
 13529 | D:12     | Received a gift from Okawaru
 13984 | D:12     | Found a sacrificial altar of Ru.
 14062 | D:12     | Noticed Urug
 14081 | D:12     | Killed Urug
 15133 | D:13     | Noticed a centaur warrior
 15142 | D:13     | Killed a centaur warrior
 15143 | D:13     | Reached skill level 16 in Axes
 15167 | D:13     | Received a gift from Okawaru
 15301 | D:13     | Found a gate to the Vaults.
 15307 | D:13     | Noticed a two-headed ogre
 15310 | D:13     | Received a gift from Okawaru
 15317 | D:13     | Killed a two-headed ogre
 15799 | D:13     | Received a gift from Okawaru
 15954 | D:13     | Noticed a tengu warrior
 15977 | D:13     | Killed a tengu warrior
 16044 | D:13     | Noticed a centaur warrior
 16060 | D:13     | Killed a centaur warrior
 16060 | D:13     | Reached XP level 13. HP: 45/119 MP: 17/17
 16594 | D:13     | Found a bloodstained altar of Trog.
 16946 | D:14     | Received a gift from Okawaru
 16982 | D:14     | Reached skill level 17 in Axes
 17459 | D:14     | Noticed Agnes
 17473 | D:14     | Killed Agnes
 17977 | D:14     | Noticed Rupert
 18000 | D:14     | Demolished by Rupert

Vault maps used:
D:1:      kennysheep_arrival_forest, chequers_serial_rivers_large_b
D:2:      old_standard_altar, first_ration, supply_closet_lemuel
D:3:      uniq_sigmund
D:4:      overflow_temple_1_default, nemelex_diamond_rough_becter
D:5:      minmay_temple_entry_crystal_x, nicolae_qazlal_general_emergency
D:6:      kennysheep_housing_project, ebering_ghost_sewer_f,
          minmay_misc_feat_four_crosses, uniq_blork_the_orc, uniq_edmund
D:7:      uniq_joseph
D:8:      lemuel_doored_altar
D:9:      kennysheep_little_box, orc_0_dummy
D:10:     due_lair_maze_entry_diamond, serial_shops, nicolae_shop_behind_doors,
          hangedman_pestilent_swarm
D:11:     ebering_ghost_rock_garden
D:12:     basic_altar, minmay_circle_x, uniq_urug
D:13:     david_vaults_1, chequers_serial_rivers_small_a,
          david_defended_altar_orc
D:14:     cheibrodos_hippocracy, nicolae_benzene_ring, serial_glass,
          glass_columns_b, glass_columns_b, chequers_serial_rivers_micro_c,
          uniq_rupert, uniq_agnes, uniq_roxanne
Temple:   regret_index_temple_mists

Skill      XL: |  1  2  3  4  5  6  7  8  9 10 11 12 13 |
---------------+----------------------------------------+-----
Axes           | 4 5 6 7 8 10 12 13 15 16 17 | 17.2
Armour         | 1 2 3 4 6 8 9 10 12 | 12.5
Fighting       | 3 4 5 7 8 10 11 12 | 12.7
Shields        | 2 4 |  4.0
Invocations    | 3 5 7 8 |  8.0
Throwing       | |  2.0
Dodging        | |  3.2

Action                   |  1- 3 |  4- 6 |  7- 9 | 10-12 | 13-15 || total
-------------------------+-------+-------+-------+-------+-------++-------
Melee: War axe           |    66 |    91 |   420 |   611 |       ||  1188
       Headbutt          |     8 |    16 |    81 |   157 |    17 ||   279
       Dire flail        |       |       |       |    15 |       ||    15
       Broad axe         |       |       |       |   144 |    95 ||   239
       Battleaxe         |       |       |       |       |    27 ||    27
Throw: Throwing net      |       |     2 |     2 |     2 |     2 ||     8
Invok: Heroism           |       |       |     1 |    12 |     4 ||    17
       Finesse           |       |       |       |     1 |     1 ||     2
Evoke: Wand              |       |       |     1 |     1 |     1 ||     3
  Use: Scroll            |       |     1 |    12 |     4 |     3 ||    20
       Potion            |       |       |       |     1 |       ||     1
 Stab: Held in net/web   |       |     2 |       |     1 |       ||     3
       Sleeping          |       |     1 |       |       |       ||     1
       Confused          |       |       |       |     2 |       ||     2
  Eat: Chunk             |       |     6 |    14 |    26 |     2 ||    48
       Ration            |       |       |     1 |     2 |     1 ||     4
Armor: Leather armour    |    11 |    15 |       |       |       ||    26
       Plate armour      |       |    10 |   216 |   486 |    45 ||   757
Dodge: Dodged            |    43 |    53 |   117 |   243 |    28 ||   484
Block: Buckler           |       |    12 |    67 |   178 |    16 ||   273

Table legend:
 A = Non-vault XP
 B = Vault XP
 C = Vault XP percentage of total XP
 D = Non-vault monster count
 E = Vault monster count
 F = Vault count percentage of total count
                 A         B        C        D         E       F
            +---------+---------+-------+---------+---------+-------
      Total |   39085 |    8945 |  18.6 |     365 |      60 |  14.1
            +---------+---------+-------+---------+---------+-------
        D:1 |      47 |       0 |   0.0 |      26 |       0 |   0.0
        D:2 |     102 |       0 |   0.0 |      25 |       0 |   0.0
        D:3 |      93 |     212 |  69.5 |      28 |       1 |   3.4
        D:4 |     361 |       0 |   0.0 |      10 |       0 |   0.0
        D:5 |     545 |       0 |   0.0 |      15 |       0 |   0.0
        D:6 |     842 |    1044 |  55.4 |      18 |      32 |  64.0
        D:7 |    2119 |     439 |  17.2 |      36 |       1 |   2.7
        D:8 |    2104 |       0 |   0.0 |      30 |       0 |   0.0
        D:9 |    1783 |       0 |   0.0 |      33 |       0 |   0.0
       D:10 |    3488 |    1677 |  32.5 |      24 |      13 |  35.1
       D:11 |    4367 |     321 |   6.8 |      20 |       2 |   9.1
       D:12 |    8218 |    1168 |  12.4 |      41 |       4 |   8.9
       D:13 |    9045 |    2006 |  18.2 |      39 |       6 |  13.3
       D:14 |    5971 |    2078 |  25.8 |      20 |       1 |   4.8
            +---------+---------+-------+---------+---------+-------
